 Dungeon Crawl Stone Soup version 0.14.0-7-g2801ba0 (webtiles) character file.

25848 Kanakotka the Spry (level 12, -2/113 HPs)
             Began as a Minotaur Monk on Apr 13, 2014.
             Was a High Priest of Lugonu.
             Slain by an eight-headed hydra (10 damage)
             ... on Level 2 of the Lair of Beasts.
             The game lasted 01:44:12 (25872 turns).

Kanakotka the Spry (Minotaur Monk)                 Turns: 25872, Time: 01:44:12

HP  -2/113       AC  6     Str 18      XL: 12   Next: 79%
MP   5/5         EV 24     Int  9      God: Lugonu [*****.]
Gold 1521        SH  0     Dex 17      Spells:  0 memorised, 11 levels left

rFire  + . .     SeeInvis .       - Unarmed
rCold  + . .     Clarity  .     x - +2 robe {rC+}
rNeg   + . .     Conserve .     (no shield)
rPois  .         rCorr    .     w - +2 hat
rElec  .         rRot     .     (no cloak)
SustAb . .       Spirit   .     (no gloves)
rMut   .         Warding  .     (no boots)
Saprov . . .     Stasis   .     p - amulet of rage
MR     +....                    i - ring "Smookhlo" {rN+ Dex+3 Int+4}
                                m - ring of protection from fire

@: hasted, very quick, somewhat resistant to hostile enchantments, stealthy
A: retaliatory headbutt, horns 2, dopey 1, magic resistance 1, weak 1
a: Depart the Abyss, Bend Space, Banish, Corrupt, Enter the Abyss, Renounce
Religion, Evoke Berserk Rage


You were on level 2 of the Lair of Beasts.
You worshipped Lugonu.
Lugonu was extremely pleased with you.
You were not hungry.

You visited 4 branches of the dungeon, and saw 18 of its levels.
You visited the Abyss 1 time.
You also visited: Bailey.

You collected 1521 gold pieces.

Inventory:

Hand weapons
 C - a +0,+2 long sword of slicing
Armour
 w - a +2 hat (worn)
 x - a +2 robe of cold resistance (worn)
Magical devices
 e - a wand of draining (9)
 v - a wand of fire (0)
 A - a wand of lightning (1)
Comestibles
 b - a bread ration
 k - a royal jelly
 n - 4 honeycombs
Scrolls
 c - a scroll of teleportation
 f - a scroll of fear
 j - 8 scrolls of remove curse
 r - a scroll of amnesia
 t - a scroll of fog
 F - a scroll of brand weapon {unknown}
 G - a scroll of enchant armour
Jewellery
 a - an uncursed ring of protection from cold {unknown}
 d - an uncursed ring of positive energy
 i - the ring "Smookhlo" (right hand) {rN+ Dex+3 Int+4}
   (You found it on level 7 of the Dungeon)

   [ring of positive energy]

   It affects your intelligence (+4).
   It affects your dexterity (+3).
 l - an uncursed amulet of faith
 m - a ring of protection from fire (left hand)
 p - an amulet of rage (around neck)
 B - an uncursed ring of protection from fire
Potions
 o - 2 potions of curing
 s - a potion of restore abilities
Books
 h - a book of Fire

   Spells                             Type                      Level
   Fire Brand                         Charms/Fire                  2
   Ignite Poison                      Fire/Transmutation           5
   Fireball                           Conjuration/Fire             5
   Bolt of Fire                       Conjuration/Fire             6
   Delayed Fireball                   Conjuration/Fire             7
   Ring of Flames                     Charms/Fire                  7
 q - a book of Minor Magic

   Spells                             Type                      Level
   Magic Dart                         Conjuration                  1
   Blink                              Translocation                2
   Call Imp                           Summoning                    2
   Repel Missiles                     Charms/Air                   2
   Slow                               Hexes                        2
   Conjure Flame                      Conjuration/Fire             3
   Mephitic Cloud                     Conjuration/Poison/Air       3
 u - a book of Air

   Spells                             Type                      Level
   Shock                              Conjuration/Air              1
   Swiftness                          Charms/Air                   2
   Repel Missiles                     Charms/Air                   2
   Flight                             Charms/Air                   3
   Static Discharge                   Conjuration/Air              3
   Lightning Bolt                     Conjuration/Air              5
 y - a book of Burglary

   Spells                             Type                      Level
   Apportation                        Translocation                1
   Swiftness                          Charms/Air                   2
   Passwall                           Transmutation/Earth          3
   Passage of Golubria                Translocation                4
   Lee's Rapid Deconstruction         Earth                        5
   Darkness                           Hexes                        7


   Skills:
 + Level 12.5 Fighting
   Level 3.1 Short Blades
 * Level 7.4 Long Blades
 * Level 15.2 Dodging
 - Level 3.0 Stealth
 + Level 12.2 Unarmed Combat


You had 11 spell levels left.
You didn't know any spells.

Dungeon Overview and Level Annotations

Branches:
Dungeon (11/15)            Temple (1/1) D:7             Orc (4/4) D:10
    Elf (0/3) Orc:4          Lair (2/8) D:10

Altars:
Ashenzari
Cheibriados
Dithmenos
Elyvilon
Fedhas
Kikubaaqudgha
Makhleb
Nemelex Xobeh
Okawaru
Sif Muna
Trog
Vehumet
Xom
Yredelemnul
Zin
The Shining One
Beogh


Innate Abilities, Weirdness & Mutations

You reflexively headbutt those who attack you in melee.
You have a pair of horns on your head.
You are dopey. (Int -2)
You are resistant to hostile enchantments.
You are weak. (Str -2)


Message History

The eight-headed hydra bites you!
The eight-headed hydra barely misses you.
The eight-headed hydra completely misses you.
The eight-headed hydra bites you.
The eight-headed hydra closely misses you.
The eight-headed hydra barely misses you.
The eight-headed hydra bites you! The eight-headed hydra bites you.
The eight-headed hydra closely misses you.
The eight-headed hydra barely misses you.
Drink which item? (? for menu, Esc to quit)
You feel yourself speed up. The eight-headed hydra bites you.
* * * LOW HITPOINT WARNING * * *
The eight-headed hydra bites you!
* * * LOW HITPOINT WARNING * * *
The eight-headed hydra closely misses you.
The eight-headed hydra barely misses you. x2
The eight-headed hydra bites you!
* * * LOW HITPOINT WARNING * * *
The eight-headed hydra bites you!
You die...

#.P...# #Pf..f# ###
###...# ....####
##..# ......# ##.#
.....## ##..## #
#....# #.#..# ##
#...# ##...# .##
#@.# ##...## .P##
#D.## ##...## ...#
##...# ##...#.#
..##
###....###...####
...###
###.....#.#.....#
.....#
###......###......#
...### ##.....####
#.....#### ...#
###.....##
##.....#.###.# ..##
#......##
##...........#


You could see an eight-headed hydra.

Vanquished Creatures
  A hydra (Lair:1)
  The ghost of Ragg the Grappler, an experienced TrMo of Okawaru (Lair:2)
  2 hill giants
  Joseph (D:10)
  A cyclops (D:11)
  3 spiny frogs
  A gargoyle (D:9)
  Psyche (D:8)
  A komodo dragon (Lair:1)
  A two-headed ogre (D:10)
  4 trolls
  2 queen bees
  9 blink frogs
  A wyvern (D:8)
  14 yaks
  A hungry ghost (D:7)
  A hill giant zombie (D:11)
  Eustachio (D:4)
  5 ugly things (D:11)
  2 sharks (D:10)
  4 hippogriffs
  3 deep elf magi
  Edmund (D:5)
  21 orc warriors
  A swamp drake (Orc:1)
  A necrophage (D:11)
  2 water moccasins (Lair:1)
  A black bear (Lair:2)
  8 sky beasts
  2 yellow wasps (D:10)
  12 ogres
  2 ice beasts
  5 giant goldfish
  3 centaurs
  3 giant slugs
  4 crocodiles
  9 giant frogs
  2 jellies
  A scorpion (D:4)
  31 killer bees
  2 troll skeletons
  9 wights
  5 crimson imps
  An electric eel (Lair:1)
  12 hounds
  A goliath beetle (D:9)
  A gnoll shaman (D:8)
  A kobold zombie (D:11)
  A big fish (D:10)
  19 orc priests
  A black bear skeleton (D:10)
  6 worker ants
  An iron imp (Orc:1)
  16 orc wizards
  3 iguanas
  6 sheep (Lair:2)
  Ijyb (D:3)
  An ogre zombie (D:5)
  An ogre skeleton (D:6)
  Terence (D:3)
  A mummy (D:9)
  19 adders
  14 gnolls
  A scorpion zombie (D:6)
  5 giant mites
  A gnoll skeleton (D:8)
  10 green rats (Lair:2)
  4 shadow imps
  6 worms
  An adder zombie (D:7)
  2 orc skeletons
  2 giant eyeballs
  An ooze (D:2)
  159 orcs
  A ball python (D:4)
  2 bat skeletons (D:4)
  8 giant cockroaches
  23 goblins
  13 hobgoblins
  14 jackals
  14 kobolds
  5 quokkas
  17 bats
  11 giant geckos
  3 giant newts
  A giant spore (D:7)
  A gnoll zombie (D:11)
  A hobgoblin zombie (D:11)
  A kobold skeleton (D:4)
  3 orc zombies (Orc:1)
  20 rats
  A rat skeleton (D:4)
  10 ballistomycetes (D:9)
633 creatures vanquished.

Vanquished Creatures (others)
  Erica (D:10)
  Sigmund (D:6)
  A white imp (Orc:1)
  An orc (Orc:1)
  A giant spore (D:9)
  An orc zombie (Orc:1)
  A ballistomycete (D:9)
7 creatures vanquished.

Grand Total: 640 creatures vanquished

Notes
Turn   | Place    | Note
--------------------------------------------------------------
     0 | D:1      | Kanakotka, the Minotaur Monk, began the quest for the Orb.
     0 | D:1      | Reached XP level 1. HP: 19/19 MP: 1/1
   201 | D:1      | Reached XP level 2. HP: 21/27 MP: 1/1
   372 | D:1      | Reached XP level 3. HP: 24/33 MP: 2/2
   720 | D:2      | Reached skill level 5 in Unarmed Combat
   920 | D:2      | Reached XP level 4. HP: 19/41 MP: 2/2
  1664 | D:3      | Noticed Terence
  1687 | D:3      | Killed Terence
  1738 | D:3      | Reached XP level 5. HP: 47/47 MP: 2/2
  2009 | D:3      | Noticed Ijyb
  2033 | D:3      | Killed Ijyb
  2041 | D:3      | Paralysed by a potion of paralysis for 3 turns
  2226 | D:4      | Found a shimmering altar of Xom.
  2289 | D:4      | Reached skill level 6 in Unarmed Combat
  2541 | D:4      | Reached skill level 5 in Fighting
  2644 | D:4      | Reached XP level 6. HP: 30/56 MP: 3/3
  2810 | D:4      | Noticed Eustachio
  2959 | D:4      | Reached skill level 5 in Dodging
  3184 | D:4      | Noticed an ogre
  3187 | D:4      | Noticed an ogre
  3280 | D:3      | Killed an ogre
  3738 | D:3      | Killed an ogre
  3738 | D:3      | Reached skill level 7 in Unarmed Combat
  3738 | D:3      | Reached XP level 7. HP: 46/61 MP: 3/3
  3961 | D:5      | Entered Level 5 of the Dungeon
  4268 | D:5      | Noticed Edmund
  4324 | D:5      | You fall through a shaft!
  4852 | D:6      | Noticed Sigmund
  5040 | D:7      | Got a twitching lapis lazuli ring
  5156 | D:7      | Reached XP level 8. HP: 22/71 MP: 3/3
  5398 | D:7      | Identified the ring "Smookhlo" {rN+ Dex+3 Int+4} (You found it on level 7 of the Dungeon)
  5460 | D:7      | Reached skill level 8 in Unarmed Combat
  6371 | D:7      | Reached XP level 9. HP: 75/80 MP: 4/4
  6404 | D:7      | Found a staircase to the Ecumenical Temple.
  6409 | Temple   | Entered the Ecumenical Temple
  6890 | D:8      | Reached skill level 9 in Dodging
  7163 | D:7      | HP: 4/82 [poisoned by a killer bee]
  8071 | D:8      | Paralysed by a giant eyeball for 3 turns
  8108 | D:8      | Noticed Psyche
  8282 | D:7      | Reached skill level 10 in Dodging
  9784 | D:8      | Reached XP level 10. HP: 91/91 MP: 4/4
 10247 | D:8      | Killed Psyche
 10247 | D:8      | Reached skill level 11 in Dodging
 10553 | D:6      | Reached skill level 10 in Unarmed Combat
 10561 | D:6      | Killed Sigmund
 11075 | D:4      | Killed Eustachio
 11075 | D:4      | Reached skill level 1 in Short Blades
 11411 | D:5      | Paralysed by a giant eyeball for 3 turns
 11587 | D:5      | Gained mutation: You are resistant to hostile enchantments. [mutagenic meat]
 11588 | D:5      | Gained mutation: You are dopey. (Int -2) [mutagenic meat]
 11589 | D:5      | Gained mutation: You are weak. (Str -2) [mutagenic meat]
 11630 | D:5      | Killed Edmund
 12669 | D:9      | Reached skill level 10 in Fighting
 12714 | D:9      | Reached skill level 12 in Dodging
 13402 | D:10     | Entered Level 10 of the Dungeon
 13403 | D:10     | Noticed a hill giant
 13423 | D:10     | Killed a hill giant
 13426 | D:10     | Reached XP level 11. HP: 77/101 MP: 4/4
 13533 | D:10     | Found a staircase to the Lair.
 13595 | D:10     | Noticed Joseph
 13608 | D:10     | Killed Joseph
 14257 | D:10     | Found a staircase to the Orcish Mines.
 14747 | D:10     | Noticed Erica
 14763 | D:10     | Killed Erica
 14763 | D:10     | Reached skill level 13 in Dodging
 15570 | D:10     | Found a burning altar of Makhleb.
 15930 | D:11     | Noticed a hill giant
 15947 | D:11     | Killed a hill giant
 16012 | D:11     | Found a flagged portal.
 16036 | Bailey   | Entered a bailey
 17691 | Lair:1   | Entered Level 1 of the Lair of Beasts
 17831 | Lair:1   | Reached skill level 14 in Dodging
 18047 | Lair:1   | Noticed a four-headed hydra
 18341 | Orc:1    | Entered Level 1 of the Orcish Mines
 18372 | D:10     | Reached skill level 1 in Long Blades
 18443 | D:10     | Reached XP level 12. HP: 96/112 MP: 5/5
 19855 | Orc:1    | Cast into the Abyss (orc)
 19901 | Abyss:1  | Found a corrupted altar of Lugonu.
 19958 | Abyss:1  | Noticed a lich
 19971 | Abyss:1  | Noticed an Executioner
 19974 | Abyss:1  | Found a corrupted altar of Lugonu.
 20059 | Abyss:1  | Noticed a tentacled starspawn
 20061 | Abyss:1  | Became a worshipper of Lugonu the Unformed
 20061 | Abyss:1  | Acquired Lugonu's first power
 20061 | Abyss:1  | Acquired Lugonu's second power
 20062 | Orc:1    | Escaped the Abyss
 20469 | Orc:2    | Acquired Lugonu's third power
 21182 | Orc:2    | Found a roughly hewn altar of Beogh.
 21207 | Orc:2    | Acquired Lugonu's fourth power
 22123 | Orc:4    | Entered Level 4 of the Orcish Mines
 22281 | Orc:4    | Found a staircase to the Elven Halls.
 22282 | Orc:4    | Noticed a stone giant
 23027 | Lair:1   | Killed a four-headed hydra
 23027 | Lair:1   | Reached skill level 5 in Long Blades
 24810 | Lair:2   | Reached skill level 15 in Dodging
 25080 | Lair:2   | Acquired Lugonu's fifth power
 25411 | Lair:2   | Noticed Ragg's ghost (experienced TrMo)
 25423 | Lair:2   | Killed Ragg's ghost
 25846 | Lair:2   | Noticed an eight-headed hydra
 25872 | Lair:2   | Slain by an eight-headed hydra

Action                   |  1- 3 |  4- 6 |  7- 9 | 10-12 || total
-------------------------+-------+-------+-------+-------++-------
Melee: Unarmed           |    95 |   229 |   391 |   544 ||  1259
       Dagger            |       |       |       |   212 ||   212
       Long sword        |       |       |       |   520 ||   520
Invok: Banish            |       |       |       |     2 ||     2
       Depart the Abyss  |       |       |       |     1 ||     1
 Abil: Evoke Berserk Rag |       |       |       |     1 ||     1
Evoke: Wand              |       |       |     2 |     1 ||     3
  Use: Scroll            |     2 |     6 |     7 |    11 ||    26
       Potion            |       |     8 |     4 |    11 ||    23
 Stab: Sleeping          |     1 |     2 |     8 |    12 ||    23
       Confused          |       |       |       |     4 ||     4
       Distracted        |       |       |       |     2 ||     2
       Petrifying        |       |       |       |     1 ||     1
       Paralysed         |       |       |       |     1 ||     1
       Invisible         |       |       |       |    10 ||    10
